 Dungeon Crawl Stone Soup version 0.25-a0-834-g55863b0 (webtiles) character file.

Game seed: 17784425861815242808, levelgen mode: deterministic

1566 Faca the Fighter (level 8, -13/72 HPs)
             Began as a Barachi Fighter on Apr 22, 2020.
             Was an Initiate of Cheibriados.
             Mangled by an orc warrior
             ... wielding a +0 glaive
              (19 damage)
             ... on level 6 of the Dungeon.
             The game lasted 00:11:58 (5925 turns).

Faca the Fighter (Barachi Fighter)                  Turns: 5925, Time: 00:11:59

Health: -13/72     AC: 11    Str: 23    XL:     8   Next: 90%
Magic:  8/8        EV:  5    Int: 10    God:    Cheibriados [......]
Gold:   388        SH: 10    Dex: 12    Spells: 7/7 levels left

rFire    . . .     SeeInvis .   a - +1 long sword
rCold    . . .     Gourm    .   c - +1 kite shield
rNeg     . . .     Faith    .   m - +0 chain mail
rPois    .         Spirit   .   (no helmet)
rElec    .         Reflect  .   (no cloak)
rCorr    .         Harm     .   (no gloves)
MR       .....                  (no boots)
Stlth    ..........             (no amulet)
HPRegen  0.22/turn              e - +2 ring of strength
MPRegen  0.11/turn              w - +2 ring of protection

@: very slow
A: +LOS, swims, slowness 1, strong legs 1
a: Hop, Bend Time, Renounce Religion


You were on level 6 of the Dungeon.
You worshipped Cheibriados.
Cheibriados was noncommittal.
You were not hungry.

You visited 2 branches of the dungeon, and saw 7 of its levels.

You collected 388 gold pieces.

Inventory:

Hand Weapons
 a - a +1 long sword (weapon)
Missiles
 g - a throwing net (quivered)
 k - 7 javelins
 q - 4 boomerangs
Armour
 c - a +1 kite shield (worn)
 m - a +0 chain mail (worn)
Jewellery
 e - a +2 ring of strength (left hand)
 j - an uncursed ring of protection from cold
 w - a +2 ring of protection (right hand)
Wands
 v - a wand of iceblast (6)
Scrolls
 l - 2 scrolls of magic mapping
 o - a scroll of fog
 r - a scroll of teleportation
 u - a scroll of enchant weapon
 y - a scroll of blinking
Potions
 b - a potion of haste
 d - a potion of might
 h - a potion of curing
 i - a potion of resistance
 p - a potion of magic
 s - a potion of ambrosia
 t - a potion of lignification
Comestibles
 f - 11 rations
 n - 2 chunks of flesh


   Skills:
 + Level 9.8 Fighting
 + Level 9.5 Long Blades
 - Level 3.6 Armour
 - Level 3.2 Shields


You had 7 spell levels left.
You didn't know any spells.
Your spell library was empty.

Dungeon Overview and Level Annotations

Branches:
Dungeon (6/15)             Temple (1/1) D:5

Altars:
Ashenzari
Cheibriados
Dithmenos
Fedhas
Gozag
Hepliaklqana
Kikubaaqudgha
Makhleb
Nemelex Xobeh
Okawaru
Qazlal
Ru
Sif Muna
Trog
Uskayaw
Wu Jian
Yredelemnul
Zin
The Shining One

Annotations:
D:6 1 transporter, MinDuChiJD's ghost, novice OpMo


Innate Abilities, Weirdness & Mutations

You can be seen from farther away. (+LOS)
You can swim through water.
You cover ground slowly.
You can hop short distances.


Message History

The orc hits you but does no damage.
The orc priest hits you but does no damage.
You hit the orc priest but do no damage.
The orc priest is lightly wounded.
The orc hits you with a +0 hand axe.
The orc warrior hits you but does no damage.
You block the orc's attack.
The orc priest hits you but does no damage.
You slash the orc priest!
The orc priest is severely wounded.
The orc closely misses you. The orc hits you with a +0 hand axe.
You block the orc priest's attack.
The orc warrior hits you from afar with a +0 glaive!!
* * * LOW HITPOINT WARNING * * *
You slash the orc priest!
You kill the orc priest!
Cheibriados thoroughly appreciates the change of pace.
The orc hits you but does no damage. You block the orc's attack.
The orc warrior hits you from afar with a +0 glaive!!
You die...

..... ... # #.# #....
##..###.######## ....
........##...... ...
.#..##.....##.##
#..#.#..##.....##.##
.......##........##
o.....##.....##.## #o†.#
#.....##.## #@o.#
###.#...... #>..#
#..#.#.##
######...######.###....
.##.>............## ##...
..................###....
..#.............#..#...##
######...######<#......
#...# #.#...... #...#
#.#.##.##


You could see an orc warrior and 2 orcs.

Vanquished Creatures
  A sky beast (D:3)
  A phantom (D:4)
  3 ogres
  A centaur (D:5)
  A bullfrog (D:6)
  2 scorpions
  3 howler monkeys
  A bullfrog zombie (D:6)
  3 hounds
  2 orc priests (D:6)
  A centaur skeleton (D:4)
  3 orc wizards
  Natasha (D:4)
  7 worker ants
  A hound skeleton (D:5)
  8 gnolls
  8 adders
  An adder skeleton (D:5)
  4 worms
  3 dart slugs
  6 leopard geckos
  12 orcs
  5 ball pythons
  8 giant cockroaches
  12 goblins
  5 hobgoblins
  6 jackals
  3 quokkas
  10 bats
  7 frilled lizards
  A giant cockroach zombie (D:4)
  A jackal skeleton (D:2)
  8 kobolds
  A quokka skeleton (D:5)
  6 rats
146 creatures vanquished.

Notes
Turn   | Place    | Note
-------+----------+-------------------------------------------
     0 | D:1      | Faca the Barachi Fighter began the quest for the Orb.
     0 | D:1      | Reached XP level 1. HP: 18/18 MP: 1/1
   246 | D:1      | Reached XP level 2. HP: 25/25 MP: 2/2
   729 | D:2      | Reached XP level 3. HP: 23/31 MP: 3/3
  1285 | D:2      | Reached XP level 4. HP: 38/38 MP: 4/4
  1372 | D:2      | Found a shattered altar of Ashenzari.
  1449 | D:3      | Reached skill level 5 in Fighting
  1709 | D:3      | Reached XP level 5. HP: 37/45 MP: 5/5
  1720 | D:3      | Reached skill level 5 in Long Blades
  2150 | D:3      | Found a basalt altar of Yredelemnul.
  2635 | D:3      | Reached XP level 6. HP: 46/52 MP: 6/6
  2744 | D:3      | Noticed a sky beast
  2796 | D:3      | Killed a sky beast
  3054 | D:3      | Found an iron altar of Okawaru.
  3293 | D:4      | Reached XP level 7. HP: 45/59 MP: 7/7
  3509 | D:4      | Found a glowing silver altar of Zin.
  3623 | D:4      | Noticed Natasha
  3630 | D:4      | Killed Natasha
  3798 | D:4      | Reached XP level 8. HP: 63/68 MP: 8/8
  3988 | D:5      | Entered Level 5 of the Dungeon
  4804 | D:5      | Found a staircase to the Ecumenical Temple.
  4811 | Temple   | Entered the Ecumenical Temple
  5159 | D:5      | Found a sparkling altar of Nemelex Xobeh.
  5167 | D:5      | Found a snail-covered altar of Cheibriados.
  5177 | D:5      | Became a worshipper of Cheibriados the Contemplative
  5182 | D:5      | Found an ornate altar of the Wu Jian Council.
  5713 | D:6      | Found a transporter.
  5777 | D:6      | Noticed MinDuChiJD's ghost (novice OpMo)
  5925 | D:6      | Mangled by an orc warrior

Levels and vault maps discovered:
D:1:      minmay_arrival_jagged, layout_loops_ring, minmay_misc_feat_hallway,
          grunt_decor_mini_mirrors
D:2:      layout_basic, ashenzari_conservatory_becter, minmay_door_square,
          minmay_small_reverse_x
D:3:      minmay_angry_zag, layout_rooms, lemuel_crystal_altar,
          yredelemnul_altar_generic
D:4:      layout_rooms, lemuel_crystal_altar, serial_curves, eino_curves_04,
          eino_curves_01, gup_sewer_entry_bubbles, uniq_natasha
D:5:      layout_basic, minmay_overflow_temple_star_quad,
          minmay_temple_entry_gardened_gates, first_ration
D:6:      lemuel_slime, layout_loops_cross, kennysheep_little_box, basic_altar,
          gammafunk_ghost_gnarly_gnolls
Temple:   cyrus_circular_temple

Skill      XL: |  1  2  3  4  5  6  7  8 |
---------------+-------------------------+-----
Fighting       | 4 5 6 8 9 |  9.8
Long Blades    | 3 4 5 6 7 9 |  9.5
Armour         | |  3.6
Shields        | |  3.2

Action                   |  1- 3 |  4- 6 |  7- 9 || total
-------------------------+-------+-------+-------++-------
Melee: Long sword        |    94 |   229 |   274 ||   597
  Use: Scroll            |     5 |     3 |     8 ||    16
       Potion            |       |     2 |       ||     2
  Eat: Chunk             |     2 |     7 |    10 ||    19
Armor: Scale mail        |    10 |       |       ||    10
       Chain mail        |    35 |   157 |   119 ||   311
Dodge: Dodged            |    23 |    63 |    48 ||   134
Block: Kite shield       |    49 |   151 |   164 ||   364
       Rpst.: Long sword |     8 |    14 |    17 ||    39

Table legend:
 A = Non-vault XP
 B = Vault XP
 C = Vault XP percentage of total XP
 D = Non-vault monster count
 E = Vault monster count
 F = Vault count percentage of total count
                 A         B        C        D         E       F
            +---------+---------+-------+---------+---------+-------
      Total |    2141 |      97 |   4.3 |     129 |      17 |  11.6
            +---------+---------+-------+---------+---------+-------
        D:1 |      19 |       0 |   0.0 |      11 |       0 |   0.0
        D:2 |     104 |      20 |  16.1 |      28 |       4 |  12.5
        D:3 |     332 |      25 |   7.0 |      33 |       6 |  15.4
        D:4 |     669 |      52 |   7.2 |      28 |       7 |  20.0
        D:5 |     579 |       0 |   0.0 |      14 |       0 |   0.0
        D:6 |     438 |       0 |   0.0 |      15 |       0 |   0.0
            +---------+---------+-------+---------+---------+-------
